AoeStats
← Gab7292

Arabia

510570583Analyzed
1v1 RM · 13h ago on Oct 1, 2026· 32m 33s· 2 players
Game mode
Random Map
Map size
Tiny (2 player)
Population
200
Speed
Normal
Resources
Standard
Victory
Conquest
Starting age
Dark Age
Ending age
Imperial Age
RankedLock teamsTeams togetherTeam positionsShared explorationLock speedFull tech treeHidden civsTurbo modeCheats
Victory
Defeat
🇨🇦 Gurjaras · Canada
909
+16
🇩🇪 Bohemians · Germany
912
-45
Gab7292
10:46 Feudal Age
9:05 Loom
15:57 Bloodlines
15:56 Scale Barding Armor
18:19 Horse Collar
18:27 Double-Bit Axe
23:02 Castle Age
20:58 Gold Mining
24:02 Bow Saw
23:57 Heavy Plow
24:38 Gold Shaft Mining
25:14 Chain Barding Armor
27:15 Forging
28:55 Iron Casting
30:02 Wheelbarrow
32:24 Hand Cart
Jömpes
9:09 Loom
11:06 Feudal Age
11:58 Double-Bit Axe
11:57 Horse Collar
16:38 Fletching
23:16 Padded Archer Armor
28:37 Castle Age
28:40 Pikeman
30:04 Scale Mail Armor
30:15 Forging
31:31 Bodkin Arrow
Connection lost

Rejoining the realm…

Still unreachable

The connection could not be restored.

Session expired

The server has moved on; the page needs a fresh start.